 Dungeon Crawl Stone Soup version 0.17.1-3-g152610e (webtiles) character file.

629 Gargoyl the Skirmisher (level 7, 0/54 HPs)
             Began as a Demonspawn Abyssal Knight on Feb 20, 2016.
             Was a Believer of Lugonu.
             Slain by an ogre
             ... wielding a +0 giant club
              (14 damage)
             ... on level 5 of the Dungeon.
             The game lasted 00:10:10 (4621 turns).

Gargoyl the Skirmisher (Demonspawn Abyssal Knight)  Turns: 4621, Time: 00:10:10

Health: 0/54       AC: 15    Str: 14    XL:     7   Next: 23%
Magic:  9/9        EV:  2    Int: 14    God:    Lugonu [**....]
Gold:   165        SH: 12    Dex: 12    Spells: 0 memorised, 6 levels left

rFire  . . .     SeeInvis .     a - +1 hand axe
rCold  . . .     Clarity  .     k - +0 plate armour
rNeg   . . .     SustAt   .     i - +0 large shield
rPois  +         Gourm    .     (no helmet)
rElec  .         Spirit   .     m - +0 cloak
rCorr  +         Warding  .     e - +1 pair of gloves
rMut   .         Stasis   .     (no boots)
MR     +....                    j - amulet of resist corrosion
Stlth  ..........               p - ring of protection from magic
                                x - ring of poison resistance

@: somewhat resistant to hostile enchantments, extremely unstealthy
A: repulsion field 1, nightstalker 1
a: Depart the Abyss, Bend Space, Renounce Religion


You were on level 5 of the Dungeon.
You worshipped Lugonu.
Lugonu was pleased with you.
You were not hungry.

You visited 1 branch of the dungeon, and saw 5 of its levels.
You visited the Abyss 1 time.

You collected 165 gold pieces.

Inventory:

Hand Weapons
 a - a +1 hand axe (weapon)
 l - a +0 flail
Armour
 e - a +1 pair of gloves (worn)
 i - a +0 large shield (worn)
 k - a +0 plate armour (worn)
 m - a +0 cloak (worn)
Jewellery
 f - an uncursed ring of sustain attributes
 j - an amulet of resist corrosion (around neck)
 p - a ring of protection from magic (right hand)
 x - a ring of poison resistance (left hand)
Wands
 o - a wand of flame (7)
 w - a wand of fireball (10)
Scrolls
 b - 5 scrolls of identify
 d - a scroll of remove curse {unknown}
 n - 4 scrolls of fog {unknown}
 r - a scroll of recharging {unknown}
 s - a scroll of amnesia {unknown}
 v - a scroll of teleportation {unknown}
Potions
 g - 2 potions of curing {unknown}
 q - a potion of flight {unknown}
 t - a potion of might {unknown}
 u - a potion of resistance {unknown}
 A - a potion of agility {unknown}
Comestibles
 c - 3 bread rations
 h - 3 meat rations
 z - a slice of pizza


   Skills:
 + Level 4.2 Fighting
 + Level 3.4 Axes
 + Level 3.9 Armour
 + Level 1.8 Dodging
 + Level 0.8 Stealth
 + Level 3.4 Shields
 + Level 2.9 Invocations
 + Level 1.0 Evocations


You had 6 spell levels left.
You didn't know any spells.

Dungeon Overview and Level Annotations

Branches:
Dungeon (5/15)
 Temple: D:4-7

Altars:
Ashenzari
Elyvilon
Kikubaaqudgha
Makhleb


Innate Abilities, Weirdness & Mutations

You are surrounded by a mild repulsion field (EV +2).
You are slightly more attuned to the shadows.


Message History

You hit the ogre.
The ogre is heavily wounded.
Your shield and plate armour prevent you from hitting the iguana.
You block the iguana's attack. The ogre hits you with a giant club.
You block the iguana's attack.
You hit the ogre.
The ogre is severely wounded.
Your plate armour prevents you from hitting the iguana.
The iguana bites you. The ogre hits you with a giant club!
* * * LOW HITPOINT WARNING * * *
You hit the ogre.
The ogre is almost dead.
You hit the iguana but do no damage. You block the iguana's attack.
The ogre hits you with a giant club.
* * * LOW HITPOINT WARNING * * *
You block the iguana's attack.
You hit the ogre but do no damage.
The ogre is almost dead.
You closely miss the iguana. The ogre hits you with a giant club!
You die...

##.#.##### #....##'##
..###....# ######...##
##.#.###.# #.≈.≈.#
##.####.#### #≈≈.≈≈#
#####.......# #≈≈_≈≈# .#
##.#...#>######≈#∩#≈#
.###.............#######
..................#####
.###..<.........@O.....
.# ##.......#####l.....
## #.......## ...###
####..####.# ...#
..##..####.# ...#
..##.......# ...#
.....####### ...# ...###
...#


You could see an ogre and an iguana.

Vanquished Creatures
  2 ogres (D:4)
  A centaur (D:5)
  2 scorpions (D:4)
  A crimson imp (D:5)
  A giant frog skeleton (D:5)
  A hound skeleton (D:5)
  7 gnolls
  7 adders
  An ooze (D:5)
  3 worms
  2 giant geckos
  4 orcs (D:3)
  7 bats
  5 giant cockroaches
  7 goblins
  4 hobgoblins
  5 jackals (D:2)
  8 kobolds
  4 quokkas
  A ball python (D:2)
  2 giant newts
  6 rats
81 creatures vanquished.

Vanquished Creatures (others)
  3 starspawn tentacle segments (Abyss:2)
3 creatures vanquished.

Grand Total: 84 creatures vanquished

Notes
Turn   | Place    | Note
--------------------------------------------------------------
     0 | Abyss:1  | Gargoyl the Demonspawn Abyssal Knight began the quest for the Orb.
     0 | Abyss:1  | Reached XP level 1. HP: 18/18 MP: 2/2
    44 | Abyss:1  | Noticed a smoke demon
    65 | Abyss:2  | Noticed a starcursed mass
    65 | Abyss:2  | Noticed a tentacled starspawn
    65 | Abyss:2  | Noticed a raiju
    66 | Abyss:2  | Noticed a large abomination
    69 | D:1      | Escaped the Abyss
   133 | D:1      | Reached skill level 1 in Dodging
   232 | D:1      | Reached * piety under Lugonu
   275 | D:1      | Gained mutation: You are surrounded by a mild repulsion field (EV +2). [demonic ancestry]
   275 | D:1      | Reached XP level 2. HP: 22/24 MP: 4/4
   842 | D:2      | Reached XP level 3. HP: 10/29 MP: 5/5
  2038 | D:3      | Reached XP level 4. HP: 35/35 MP: 6/6
  2053 | D:3      | Reached skill level 1 in Shields
  2089 | D:3      | Reached ** piety under Lugonu
  2539 | D:3      | Reached XP level 5. HP: 29/42 MP: 7/7
  3087 | D:4      | Noticed an ogre
  3093 | D:4      | Killed an ogre
  3111 | D:4      | Reached XP level 6. HP: 35/48 MP: 8/8
  3929 | D:4      | Reached skill level 1 in Evocations
  4181 | D:5      | Entered Level 5 of the Dungeon
  4225 | D:5      | Reached skill level 4 in Fighting
  4272 | D:5      | Found an ancient bone altar of Kikubaaqudgha.
  4272 | D:5      | Found a white marble altar of Elyvilon.
  4296 | D:5      | Found a shattered altar of Ashenzari.
  4306 | D:5      | Gained mutation: You are slightly more attuned to the shadows. [demonic ancestry]
  4306 | D:5      | Reached XP level 7. HP: 54/54 MP: 9/9
  4468 | D:5      | Found a burning altar of Makhleb.
  4621 | D:5      | Slain by an ogre

Action                   |  1- 3 |  4- 6 |  7- 9 || total
-------------------------+-------+-------+-------++-------
Melee: Hand axe          |   195 |   216 |    99 ||   510
Invok: Depart the Abyss  |     1 |       |       ||     1
Evoke: Wand              |       |     9 |       ||     9
  Use: Scroll            |       |     1 |       ||     1
  Eat: Chunk             |     4 |     3 |       ||     7
       Fruit             |       |     3 |       ||     3
       Bread ration      |       |     1 |       ||     1
       Pizza             |       |     1 |       ||     1
